 Dungeon Crawl Stone Soup version 0.23.0-3-gf3c87f2 (webtiles) character file.

Game seed: 7046420481929698567

2858 Irenicus the Geomancer (level 9, -7/68 HPs)
             Began as a Deep Dwarf Earth Elementalist on Feb 24, 2019.
             Was an Initiate of Makhleb.
             Shot with a bolt by an orc warrior (24 damage)
             ... in a bailey.
             The game lasted 00:44:59 (4241 turns).

Irenicus the Geomancer (DDEE)                       Turns: 4241, Time: 00:45:00

Health: -7/68      AC:  7    Str: 10    XL:     9   Next: 47%
Magic:  2/31 (16)  EV: 12    Int: 19    God:    Makhleb [......]
Gold:   227        SH:  0    Dex: 13    Spells: 1/18 levels left

rFire    . . .     SeeInvis .   v - staff of power {MP+17, !a}
rCold    . . .     Gourm    .   (no shield)
rNeg     . . .     Faith    .   h - +1 leather armour {MR+}
rPois    +         Spirit   .   u - +0 helmet
rElec    .         Reflect  .   r - +1 cloak
rCorr    .         Harm     .   (no gloves)
MR       ++...                  (no boots)
Stlth    ++........             (no amulet)
HPRegen  0.00/turn              t - ring of flight {+Fly, !d}
MPRegen  0.22/turn              b - ring of poison resistance {rPois, !d}

@: starving, non-regenerating
A: damage resistance, heal wounds, blurry vision 1, sense surroundings 2, weak
1, MP-powered wands, no regeneration
a: Heal Wounds, Renounce Religion, Evoke Flight


You were in a bailey.
You worshipped Makhleb.
Makhleb was noncommittal.
You were starving.

You visited 2 branches of the dungeon, and saw 8 of its levels.
You also visited: Bailey.

You collected 298 gold pieces.
You spent 71 gold pieces at shops.

Inventory:

Hand Weapons
 a - a +0 mace
   (You found it on level 1 of the Dungeon)
 f - a +0 dagger of venom
   (You took it off a kobold on level 1 of the Dungeon)
Missiles
 w - 30 stones (quivered)
Armour
 h - a +1 leather armour of magic resistance (worn)
   (You took it off Eustachio on level 5 of the Dungeon)
 k - a +2 robe of resistance
   (You took it off Jessica on level 2 of the Dungeon)
 r - a +1 cloak (worn)
   (You found it on level 7 of the Dungeon)
 u - a +0 helmet (worn)
   (You found it on level 6 of the Dungeon)
Magical Staves
 v - an uncursed staff of power (weapon) {MP+17, !a}
   (You found it on level 7 of the Dungeon)
Jewellery
 b - a ring of poison resistance (right hand) {rPois, !d}
   (You found it on level 7 of the Dungeon)
 t - a ring of flight (left hand) {+Fly, !d}
   (You found it on level 4 of the Dungeon)
Wands
 m - a wand of flame (14)
   (You took it off Ijyb on level 3 of the Dungeon)
Scrolls
 g - 2 scrolls of identify
 i - 4 scrolls of remove curse
 j - 2 scrolls of immolation {unknown}
 l - 2 scrolls of enchant armour
 n - a scroll of enchant weapon {unknown}
 o - a scroll of fear {unknown}
 p - 2 scrolls of teleportation
 q - a scroll of blinking {unknown}
 s - a scroll of noise {!r}
Potions
 e - a potion of flight
Comestibles
 d - 3 rations


   Skills:
 - Level 3.3 Short Blades
 - Level 2.1 Dodging
 - Level 4.0 Stealth
 - Level 5.1 Spellcasting
 - Level 1.1 Conjurations
 + Level 5.7 Necromancy
 - Level 3.0 Translocations
 - Level 5.1 Transmutations
 - Level 9.5 Earth Magic


You had one spell level left.
You knew the following spells:

 Your Spells              Type           Power        Failure   Level  Hunger
a - Sandblast             Erth           #####.       1%          1    None
b - Petrify               Tmut/Erth      ####....     9%          4    ####...
c - Stone Arrow           Conj/Erth      ####..       5%          3    ##.....
g - Apportation           Tloc           ###...       4%          1    None
w - Passwall              Tmut/Erth      ####....     1%          2    #......
z - Lee's Rapid Deconstr  Erth           #####.....   10%         5    ######.
A - Animate Skeleton      Necr           N/A          1%          1    None

Your spell library contained the following spells:

 Spells                   Type           Power        Failure   Level  Hunger
 Pain                     Necr           ####         1%          1    None
 Confusing Touch          Hex            #.....       17%         1    None
 Summon Small Mammal      Summ           #...         17%         1    None
 Vampiric Draining        Necr           ####......   4%          3    ##.....
 Animate Dead             Necr           N/A          16%         4    ####...
 Regeneration             Chrm/Necr      Unusable     N/A         3    N/A

Dungeon Overview and Level Annotations

Branches:
Dungeon (7/15)             Temple (1/1) D:7

Altars:
Ashenzari
Cheibriados
Dithmenos
Elyvilon
Gozag
Kikubaaqudgha
Makhleb
Nemelex Xobeh
Qazlal
Ru
Sif Muna
Uskayaw
Yredelemnul
The Shining One

Shops:
D:7 (:![


Innate Abilities, Weirdness & Mutations

You are resistant to damage.
You can heal yourself by infusing magical energy.
You passively map the area around you.
You do not regenerate.
Scrolls take you a little longer to read.
You are weak. (Str -2)
You expend magic power (3 MP) to strengthen your wands.


Message History

The world spins around you as you enter the gateway.
You enter a bailey!
Found a gate leading back out of this place.
There is an empty arch of ancient stone here.
Okay, then.
You feel much better.
You regained 25 hp, and now have 42/68 hp. 2 orc warriors come into view.
There is an empty arch of ancient stone here.
Wield which item (- for none, * to show all)? (? for menu, Esc to quit)
Okay, then.
Okay, then.
Okay, then.
You begin reading the scroll.
You continue reading the scroll.
As you read the scroll labeled WUPRASU MYRELL, it crumbles to dust.
It is a scroll of enchant armour.
Your +0 cloak glows green for a moment.
Wear which item? (? for menu, Esc to quit)
You start removing your armour.
You continue taking off your +2 robe of resistance. x4
You finish taking off your +2 robe of resistance.
You feel hot and cold all over.
You start putting on your armour.
You continue putting on your +1 leather armour of magic resistance. x5
You finish putting on your +1 leather armour of magic resistance.
You feel resistant to hostile enchantments.
You begin reading the scroll.
You continue reading the scroll.
Your magical contamination has completely faded away.
As you read the scroll labeled IRCHET VEUMOTHE, it crumbles to dust.
You hear a loud clanging noise!
It was a scroll of noise.
Okay, then.
You hear a shout! x7
An orc comes into view. It is wielding a +0 arbalest.
The orc shoots a bolt.
The bolt closely misses you.
You see here a bolt.
A stone wall.
The wall shatters!
The blast of rock fragments hits the orc!!
You kill the orc!
Makhleb accepts your kill.
The blast of rock fragments hits the orc warrior!
You are feeling hungry.
The orc warrior shoots a bolt.
The bolt hits you!
You take 11 damage, and have 31/68 hp.
You now have 2/16 mp.
You don't have enough magic to cast that spell.
You see here a bolt.
You start resting.
MP restored: 16 Wield which item (- for none, * to show all)? (? for menu, Esc to quit)
Your +0 dagger of venom stops dripping with poison.
You feel your magic capacity increase.
v - an uncursed staff of power (weapon)
{MP+17, !a} You see here a bolt.
You see here a bolt.
A stone wall.
The wall shatters!
The blast of rock fragments hits the orc warrior!
You are feeling very hungry.
The orc warrior shoots a bolt.
The bolt barely misses you.
You now have 11/31 mp.
A stone wall.
The wall shatters!
The blast of rock fragments hits the orc warrior!
You kill the orc warrior!
Makhleb accepts your kill.
You hear a shout!
You are near starving!
You now have 7/31 mp.
Aim: an orc warrior, wielding a +0 arbalest and wearing a +0 scale mail (hasn't noticed you, chance to defeat MR: 61%)
The orc warrior shouts!
The orc warrior is moving more slowly.
You now have 3/31 mp.
You don't have enough magic to cast that spell.
The orc warrior stops moving altogether!
You see here a bolt.
Okay, then.
An orc warrior comes into view. It is wielding a +0 arbalest.
The orc warrior shoots a bolt.
The bolt barely misses you.
Found a gate leading back out of this place.
The orc warrior shoots a bolt.
The bolt misses you.
The orc warrior shoots a bolt.
The bolt barely misses you.
You see here a bolt.
The orc warrior is no longer petrified.
The orc warrior shoots a bolt.
The bolt closely misses you.
A stone wall.
Okay, then.
The orc warrior shoots a bolt.
The bolt hits you!
* * * LOW HITPOINT WARNING * * *
You see here a bolt.
You take 14 damage, and have 17/68 hp.
MASSIVE DAMAGE!!
A stone wall.
The wall shatters!
The blast of rock fragments hits the orc warrior!
You are starving!
You now have 2/31 mp.
The orc warrior shoots a bolt.
The bolt misses you.
You see here a bolt.
The orc warrior shoots a bolt.
The bolt hits you!!
You die...

#......≈##.o# ,
#......≈o)^. ≈..,
#......≈##.# ≈..
#......≈≈#o#≈≈..
#..(....≈≈≈≈≈...
#(..............
#..(............,
#((....(........
#@(.............
#.∩.............,
#∩..............
################**


You could see an orc warrior.

Vanquished Creatures
  Grinder (D:3)
  Sigmund (D:3)
  Eustachio (D:5)
  Menkaure (D:4)
  Duvessa (D:5)
  2 ice beasts
  2 sky beasts
  Purgy (D:3)
  An orc warrior (Bailey)
  2 ogres (D:5)
  A centaur (D:4)
  A bullfrog (D:7)
  Dowan (D:5)
  A scorpion (D:7)
  4 killer bees (D:7)
  5 howler monkeys
  A bullfrog zombie (D:7)
  2 crimson imps
  A centaur zombie (D:5)
  6 hounds
  An orc priest (D:5)
  An orc wizard (D:3)
  A centaur skeleton (D:7)
  Jessica (D:2)
  Ijyb (D:3)
  2 iguanas
  4 worker ants
  9 adders
  A gnoll (D:7)
  A shadow imp (D:5)
  An ooze (D:3)
  3 worms (D:2)
  3 dart slugs
  4 leopard geckos
  19 orcs
  9 bats
  5 giant cockroaches
  13 hobgoblins
  8 jackals
  7 kobolds
  A quokka (D:6)
  2 ball pythons (D:1)
  3 frilled lizards
  A giant cockroach zombie (D:5)
  14 goblins
  8 rats
159 creatures vanquished.

Notes
Turn   | Place    | Note
-------+----------+-------------------------------------------
     0 | D:1      | Irenicus the Deep Dwarf Earth Elementalist began the quest
                  | for the Orb.
     0 | D:1      | Reached XP level 1. HP: 15/15 MP: 3/3
   115 | D:1      | Reached skill level 2 in Spellcasting
   140 | D:1      | Reached XP level 2. HP: 22/22 MP: 1/5
   375 | D:1      | Reached skill level 5 in Earth Magic
   388 | D:1      | Reached XP level 3. HP: 20/28 MP: 0/6
   606 | D:2      | Reached skill level 6 in Earth Magic
   701 | D:2      | Reached XP level 4. HP: 19/36 MP: 4/7
   805 | D:3      | Noticed Purgy
   975 | D:2      | Noticed Jessica
   983 | D:2      | Killed Jessica
   983 | D:2      | Reached skill level 7 in Earth Magic
   983 | D:2      | Reached XP level 5. HP: 12/42 MP: 3/8
   987 | D:2      | Learned a level 2 spell: Passwall
   991 | D:2      | Learned a level 3 spell: Stone Arrow
  1055 | D:1      | You fall through a shaft!
  1099 | D:3      | Noticed Sigmund
  1107 | D:3      | Killed Sigmund
  1107 | D:3      | Reached skill level 8 in Earth Magic
  1107 | D:3      | Reached XP level 6. HP: 47/49 MP: 1/9
  1164 | D:3      | Killed Purgy
  1164 | D:3      | Reached skill level 9 in Earth Magic
  1261 | D:3      | Noticed Ijyb
  1270 | D:3      | Killed Ijyb
  1391 | D:3      | Reached skill level 1 in Conjurations
  1548 | D:4      | Noticed Menkaure
  1552 | D:4      | Killed Menkaure
  1552 | D:4      | Reached skill level 3 in Spellcasting
  1552 | D:4      | Reached skill level 1 in Transmutations
  1552 | D:4      | Reached XP level 7. HP: 38/55 MP: 6/11
  1564 | D:4      | Learned a level 4 spell: Petrify
  1613 | D:4      | Reached skill level 2 in Transmutations
  1649 | D:4      | Reached skill level 1 in Short Blades
  1807 | D:3      | Noticed Grinder
  1818 | D:3      | Killed Grinder
  1818 | D:3      | Reached skill level 3 in Short Blades
  1837 | D:3      | Reached skill level 3 in Stealth
  2077 | D:4      | Reached skill level 4 in Stealth
  2147 | D:4      | Reached XP level 8. HP: 20/62 MP: 11/13
  2196 | D:4      | You fall through a shaft!
  2196 | D:5      | Entered Level 5 of the Dungeon
  2214 | D:5      | Found a deep blue altar of Sif Muna.
  2227 | D:5      | HP: 15/62 [centaur zombie (3)]
  2256 | D:5      | Found a shattered altar of Ashenzari.
  2256 | D:5      | Found a basalt altar of Yredelemnul.
  2256 | D:5      | Found a glowing golden altar of the Shining One.
  2256 | D:5      | Found a sparkling altar of Nemelex Xobeh.
  2266 | D:5      | Reached skill level 3 in Transmutations
  2270 | D:5      | Found an ancient bone altar of Kikubaaqudgha.
  2270 | D:5      | Found a hide-covered altar of Uskayaw.
  2318 | D:5      | HP: 14/62 [crimson imp (1)]
  2319 | D:5      | Reached skill level 4 in Spellcasting
  2334 | D:5      | Noticed Duvessa
  2335 | D:5      | Noticed Dowan
  2347 | D:4      | HP: 10/62 [leopard gecko (1)]
  2452 | D:5      | Noticed Eustachio
  2696 | D:5      | Killed Duvessa
  2696 | D:5      | Reached skill level 4 in Transmutations
  2699 | D:5      | Killed Dowan
  2789 | D:5      | Killed Eustachio
  2789 | D:5      | Reached skill level 5 in Spellcasting
  2847 | D:5      | Learned a level 5 spell: Lee's Rapid Deconstruction
  3027 | D:5      | HP: 8/62 [ogre/+0 giant club (15)]
  3036 | D:5      | Reached skill level 5 in Transmutations
  3071 | D:6      | Found a snail-covered altar of Cheibriados.
  3087 | D:6      | Learned a level 1 spell: Apportation
  3089 | D:6      | Learned a level 1 spell: Animate Skeleton
  3177 | D:6      | Reached skill level 1 in Translocations
  3342 | D:6      | HP: 14/62 [orc/+0 flail (3)]
  3396 | D:6      | Reached skill level 2 in Translocations
  3396 | D:6      | Gained mutation: You passively map the area around you.
                  | [Deep Dwarf growth]
  3396 | D:6      | Reached XP level 9. HP: 16/68 MP: 3/16
  3426 | D:6      | Reached skill level 3 in Translocations
  3460 | D:7      | Found Doc Mimi's Antique Armour Emporium.
  3492 | D:7      | Found an opulent altar of Gozag.
  3493 | D:7      | Found Ofeuklu's Distillery.
  3502 | D:7      | Bought a potion of lignification for 36 gold pieces
  3555 | D:7      | Reached skill level 1 in Necromancy
  3573 | D:7      | Reached skill level 2 in Necromancy
  3588 | D:7      | Reached skill level 3 in Necromancy
  3658 | D:7      | Found Yxka's Weapon Shop.
  3662 | D:7      | Bought 19 stones for 22 gold pieces
  3662 | D:7      | Bought 11 stones for 13 gold pieces
  3681 | D:7      | Found Pyzaynn's Book Shoppe.
  3714 | D:7      | HP: 16/68 [wight/+0 halberd (3)]
  3729 | D:7      | Gained mutation: Scrolls take you a little longer to read.
                  | [potion of mutation]
  3729 | D:7      | Gained mutation: You are weak. (Str -2) [potion of
                  | mutation]
  3729 | D:7      | Gained mutation: You expend magic power (3 MP) to
                  | strengthen your wands. [potion of mutation]
  3781 | D:7      | Found a staircase to the Ecumenical Temple.
  3787 | Temple   | Entered the Ecumenical Temple
  3812 | Temple   | Became a worshipper of Makhleb the Destroyer
  3887 | D:7      | Reached skill level 4 in Necromancy
  3945 | D:7      | HP: 12/68 [killer bee (4)]
  4018 | D:7      | HP: 8/68 [killer bee (4)]
  4024 | D:7      | Reached skill level 5 in Necromancy
  4027 | D:7      | HP: 10/102 [killer bee (1)]
  4084 | D:7      | Found a flagged portal.
  4088 | D:7      | HP: 17/68 [goblin/+0 spear (4)]
  4097 | Bailey   | Entered a bailey
  4237 | Bailey   | HP: 17/68 [orc warrior/bolt (14)]
  4241 | Bailey   | Shot with a bolt by an orc warrior

Skill      XL: |  1  2  3  4  5  6  7  8  9 |
---------------+----------------------------+-----
Spellcasting   | 2 3 5 |  5.1
Earth Magic    | 5 6 7 8 9 |  9.5
Conjurations   | 1 |  1.1
Transmutations | 1 2 5 |  5.1
Short Blades   | 3 |  3.3
Stealth        | 4 |  4.0
Translocations | 2 3 |  3.0
Necromancy     | 5 |  5.7
Dodging        | |  2.1

Action                   |  1- 3 |  4- 6 |  7- 9 || total
-------------------------+-------+-------+-------++-------
Melee: Mace              |     4 |       |       ||     4
       Dagger            |    45 |    57 |   209 ||   311
 Cast: Sandblast         |    23 |    52 |    20 ||    95
       Passwall          |       |     4 |    36 ||    40
       Stone Arrow       |       |     4 |    37 ||    41
       Petrify           |       |       |    22 ||    22
       Apportation       |       |       |     8 ||     8
       Lee's Rapid Decon |       |       |     7 ||     7
       Animate Skeleton  |       |       |     1 ||     1
 Abil: Heal Wounds       |       |     1 |     4 ||     5
Evoke: Wand              |       |     4 |     1 ||     5
  Use: Potion            |       |     6 |     7 ||    13
       Scroll            |       |     3 |     6 ||     9
 Stab: Sleeping          |     9 |     3 |     9 ||    21
       Petrified         |       |       |    37 ||    37
       Petrifying        |       |       |     1 ||     1
       Distracted        |       |       |     1 ||     1
  Eat: Chunk             |       |     4 |     9 ||    13
       Ration            |       |       |     2 ||     2
Armor: Robe              |    15 |    17 |    30 ||    62
       Skin              |       |       |    14 ||    14
Dodge: Dodged            |    31 |    57 |   116 ||   204

Levels and vault maps discovered:
D:1:      nzn_arrival_depleted_hourglass, layout_basic, hex_intersection
D:2:      layout_basic, uniq_jessica
D:3:      minmay_recursive_quarters, layout_basic, first_ration, uniq_sigmund,
          uniq_grinder, uniq_ijyb, uniq_purgy
D:4:      layout_loops_corners, uniq_menkaure
D:5:      layout_rooms, led_sif_pool, minmay_overflow_temple_hex,
          serial_co_window_serial, co_window_corner_a, co_window_paths_b,
          co_window_paths_b, co_window_paths_b, co_window_corner_a,
          co_window_corner_a, co_window_paths_a, co_window_paths_c,
          co_window_unsneaky_path_b, co_window_paths_c,
          co_window_unsneaky_path_a, co_window_broadway_b, glass_columns_a,
          glass_columns_b, glass_columns_b, glass_columns_a, glass_columns_a,
          uniq_duvessa, uniq_eustachio
D:6:      layout_rooms, kennysheep_slug_shrine, chequers_arboretum,
          hangedman_abyss_or_decor_stagger
D:7:      layout_basic, minmay_temple_entry_waves, enter_bailey_7, serial_shops,
          shop, shop_fountains, nicolae_shop_statue_plus, shop,
          nicolae_gozag_seed_capital
Temple:   jpeg_temple_clearing
Bailey:   bailey_polearm_2, bailey

Table legend:
 A = Turns spent in this place as a percentage of turns spent in the entire game.
 B = Non-inter-level travel turns spent in this place as a percentage of non-inter-level travel turns spent in the entire game.
 C = Inter-level travel turns spent in this place as a percentage of turns spent in this place.
 D = Turns resting spent in this place as a percentage of non-inter-level travel turns spent in this place.
 E = Turns spent auto-exploring this place as a percentage of non-inter-level travel turns spent in this place.
 F = Non-inter-level travel turns spent in this place divided by the number of levels of this place that you've seen.
                   A       B       C       D       E      F
               +-------+-------+-------+-------+-------+----------------------
         Total | 100.0 | 100.0 |   4.4 |   2.7 |   0.0 | 450.4
       Dungeon |  95.6 |  95.4 |   4.6 |   0.6 |   0.0 | 552.6
        Temple |   1.0 |   1.0 |   0.0 |   0.0 |   0.0 |  42.0
        Bailey |   3.4 |   3.6 |   0.0 |  60.4 |   0.0 | 144.0
               +-------+-------+-------+-------+-------+----------------------

Table legend:
 A = Kills in this place as a percentage of kills in entire the game.
 B = Kills by you in this place as a percentage of kills by you in the entire game.
 C = Kills by friends in this place as a percentage of kills by friends in the entire game.
 D = Other kills in this place as a percentage of other kills in the entire game.
 E = Experience gained in this place as a percentage of experience gained in the entire game.
 F = Experience gained in this place divided by the number of levels of this place that you have seen.
                   A       B       C       D       E      F
               +-------+-------+-------+-------+-------+----------------------
         Total | 100.0 | 100.0 |   N/A |   N/A | 100.0 | 453.8
       Dungeon |  98.7 |  98.7 |   N/A |   N/A |  96.7 | 564.4
        Bailey |   1.3 |   1.3 |   N/A |   N/A |   3.3 | 133.0
               +-------+-------+-------+-------+-------+----------------------
